 Dungeon Crawl Stone Soup version 0.21.1-1-g345015fe64 (webtiles) character file.

248 KleinerIrrer the Chopper (level 6, -1/39 HPs)
             Began as a Gargoyle Fighter on Apr 4, 2018.
             Killed from afar by an orc wizard (7 damage)
             ... with a magic dart
             ... on level 4 of the Dungeon.
             The game lasted 00:00:53 (2797 turns).

KleinerIrrer the Chopper (Gargoyle Fighter)         Turns: 2797, Time: 00:00:54

Health: -1/39      AC: 13    Str: 21    XL:     6   Next: 12%
Magic:  6/6        EV:  7    Int:  9    God:
Gold:   186        SH:  9    Dex:  9    Spells: 5/5 levels left

rFire    . . .     SeeInvis +   Y - +2 war axe
rCold    . . .     Gourm    .   c - +0 shield
rNeg     + . .     Faith    .   b - +0 scale mail
rPois    ∞         Spirit   .   k - +1 helmet
rElec    +         Reflect  .   (no cloak)
rCorr    .         Harm     .   (no gloves)
MR       .....                  (no boots)
Stlth    ..........             (no amulet)
HPRegen  0.13/turn              h - ring of see invisible
MPRegen  0.10/turn              (no ring)

@: no status effects
A: negative energy resistance 1, electricity resistance, unbreathing,
petrification resistance, rot immunity, AC +4
a: no special abilities


You were on level 4 of the Dungeon.
You were not hungry.

You visited 1 branch of the dungeon, and saw 4 of its levels.

You collected 186 gold pieces.


Innate Abilities, Weirdness & Mutations

You are resistant to torment.
Your stone body is resilient. (AC +4)
You are immune to poison.
You resist negative energy. (rN+)
You are resistant to electric shocks. (rElec)
You can survive without breathing.
You are immune to petrification.
You are immune to rotting.


   Skills:
 - Level 4.4 Fighting
 - Level 5.0 Axes
 - Level 3.2 Armour
 + Level 0.3 Dodging
 - Level 3.2 Shields


You had 5 spell levels left.
You didn't know any spells.

Inventory:

Hand Weapons
 a - a +0 mace
 Y - a +2 war axe (weapon)
Armour
 b - a +0 scale mail (worn)
 c - a +0 shield (worn)
 k - a +1 helmet (worn)
Jewellery
 h - a ring of see invisible (left hand)
Scrolls
 m - 2 scrolls of remove curse
 n - a scroll of identify
Potions
 d - 4 potions of might
 e - 2 potions of curing
 i - a potion of cancellation
 l - a potion of magic {unknown}
 o - a potion of resistance {unknown}
 p - a potion of haste {unknown}
Comestibles
 f - 8 rations

Dungeon Overview and Level Annotations

Branches:
Dungeon (4/15)
 Temple: D:4-7

Altars:
Cheibriados
Elyvilon
Uskayaw

Annotations:
D:4 Eustachio


Message History

The quokka bites you.
Eustachio mumbles some strange words.
Eustachio blinks!
The river rat barely misses you.
The quokka bites you but does no damage.
Your shield prevents you from hitting the river rat.
The river rat is severely wounded.
You hit the quokka.
You kill the quokka!
The quokka's corpse disappears in a puff of smoke!
You block the river rat's attack.
Eustachio casts a spell.
You block the river rat's attack.
You slash the river rat!
You kill the river rat!
The river rat's corpse disappears in a puff of smoke!
You barely miss the orc wizard. The bat barely misses you.
The orc wizard points at you and mumbles some strange words.
The magic dart hits you!
You die...

#....##....#.#
...........#.#####
.....(............
........(.......
......%<........
........(..#.#####.
...#..........(...#
. ####...¤.).>...#
.......o@)¤.!...
#........b)......
#............##..
#............#
#....##.@b...#
..... ........ ~..
..........
............


You could see Eustachio, an orc wizard and 2 bats.

Vanquished Creatures
  2 orc wizards (D:4)
  A worker ant (D:3)
  A river rat (D:4)
  7 adders
  4 oozes
  2 worms (D:2)
  A dart slug (D:2)
  2 leopard geckos
  5 orcs
  6 bats
  3 giant cockroaches (D:1)
  2 goblins (D:2)
  7 hobgoblins
  A quokka (D:2)
  4 ball pythons
  8 frilled lizards
  10 kobolds
  12 rats
78 creatures vanquished.

Notes
Turn   | Place    | Note
-------+----------+-------------------------------------------
     0 | D:1      | KleinerIrrer the Gargoyle Fighter began the quest for the Orb.
     0 | D:1      | Reached XP level 1. HP: 14/14 MP: 1/1
     0 | D:1      | 0 ||| counter = 58
   187 | D:1      | Reached skill level 2 in Axes
   237 | D:1      | Reached XP level 2. HP: 12/19 MP: 2/2
   758 | D:1      | Reached skill level 3 in Axes
   767 | D:1      | Reached XP level 3. HP: 23/23 MP: 3/3
   816 | D:1      | 816 ||| READING 2 scrolls labeled ZUSEAXKONAO.
   817 | D:1      | 817 ||| UPGRADING to club.
   818 | D:1      | 818 ||| READING scroll of remove curse.
   819 | D:1      | 819 ||| SWAPPING to +0 war axe.
   820 | D:1      | 820 ||| READING scroll labeled VUX PES DAIRPH.
   821 | D:1      | 821 ||| READING scroll labeled ENASHR NIGUIGY.
   822 | D:1      | 822 ||| READING scroll labeled VITULE KYAJURGH.
   823 | D:1      | 823 ||| READING scroll labeled ZIBBORA SAYDDO.
   824 | D:1      | 824 ||| READING scroll labeled JED QENLUOPEU.
   889 | D:2      | 889 ||| STAIRDANCE
   955 | D:2      | 955 ||| STAIRDANCE
  1347 | D:2      | Reached XP level 4. HP: 25/28 MP: 4/4
  1615 | D:2      | Reached skill level 4 in Axes
  1787 | D:2      | Found a snail-covered altar of Cheibriados.
  1989 | D:2      | Found a hide-covered altar of Uskayaw.
  2081 | D:2      | 2081 ||| READING scroll labeled JORGHA YPLACLIX.
  2082 | D:2      | 2082 ||| READING scroll labeled DIOKUC UPPIDYWK.
  2083 | D:2      | 2083 ||| READING 2 scrolls labeled AVIAKL GUIBI.
  2084 | D:2      | 2084 ||| READING scroll of enchant weapon.
  2084 | D:2      | 2084 ||| ENCHANTING +1 war axe.
  2085 | D:2      | 2085 ||| DRINKING 2 black potions.
  2086 | D:2      | 2086 ||| READING scroll of identify.
  2086 | D:2      | 2086 ||| IDENTIFYING golden ring
  2087 | D:2      | 2087 ||| UPGRADING to ring of see invisible.
  2110 | D:3      | 2110 ||| STAIRDANCE
  2121 | D:2      | 2121 ||| DROPPING +0 club.
  2125 | D:3      | 2125 ||| STAIRDANCE
  2146 | D:3      | 2146 ||| STAIRDANCE
  2236 | D:3      | Reached XP level 5. HP: 32/32 MP: 5/5
  2327 | D:3      | 2327 ||| UPGRADING to mace.
  2328 | D:3      | 2328 ||| SWAPPING to +2 war axe.
  2482 | D:3      | Reached skill level 5 in Axes
  2529 | D:3      | 2529 ||| STAIRDANCE
  2610 | D:2      | 2610 ||| UPGRADING to notched wooden ring.
  2611 | D:2      | 2611 ||| REMOVING ring of flight.
  2612 | D:2      | 2612 ||| DROPPING ring of flight.
  2613 | D:2      | 2613 ||| READING scroll labeled KOTUTH QORET.
  2614 | D:2      | 2614 ||| READING 2 scrolls of identify.
  2614 | D:2      | 2614 ||| IDENTIFYING fizzy black potion
  2751 | D:3      | Found a white marble altar of Elyvilon.
  2762 | D:3      | 2762 ||| UPGRADING to helmet.
  2768 | D:3      | 2768 ||| READING scroll of enchant armour.
  2768 | D:3      | 2768 ||| ENCHANTING +0 helmet.
  2777 | D:4      | Noticed Eustachio
  2788 | D:4      | Reached XP level 6. HP: 17/39 MP: 6/6
  2793 | D:4      | HP: 8/39 [river rat[Eustachio] (6)]
  2797 | D:4      | Killed from afar by an orc wizard

Vault maps used:
D:1:      scummos_arrival_simple_crosswalls
D:2:      nicolae_overflow_crystal_walls, kennysheep_slug_shrine
D:3:      lemuel_crystal_altar, first_ration
D:4:      portal_sewer_entry_b, grunt_decor_arrowhead, uniq_eustachio,
          uniq_sigmund

Skill      XL: |  1  2  3  4  5 |
---------------+----------------+-----
Axes           | 2 3 4 5 |  5.0
Fighting       | 4 |  4.4
Armour         | |  3.2
Dodging        | |  0.3
Shields        | |  3.2

Action                   |  1- 3 |  4- 6 || total
-------------------------+-------+-------++-------
Melee: War axe           |   119 |   159 ||   278
  Use: Scroll            |     7 |     8 ||    15
       Potion            |       |     1 ||     1
  Eat: Chunk             |     2 |     5 ||     7
Armor: Scale mail        |    49 |    77 ||   126
Dodge: Dodged            |    33 |    39 ||    72
Block: Shield            |    66 |   100 ||   166

Table legend:
 A = Spawn XP
 B = Non-spawn XP
 C = Spawn XP percentage of total XP
 D = Spawn monster count
 E = Non-spawn monster count
 F = Spawn count percentage of total count
 G = Total turns spent on level
                    A         B        C        D         E        F      G
               +---------+---------+-------+---------+---------+-------+---------
         Total |       0 |     355 |   0.0 |       0 |      78 |   0.0 |  2797
               +---------+---------+-------+---------+---------+-------+---------
           D:1 |       0 |      35 |   0.0 |       0 |      19 |   0.0 |   938
           D:2 |       0 |     121 |   0.0 |       0 |      32 |   0.0 |  1362
           D:3 |       0 |     104 |   0.0 |       0 |      22 |   0.0 |   477
           D:4 |       0 |      95 |   0.0 |       0 |       5 |   0.0 |    20
               +---------+---------+-------+---------+---------+-------+---------
